[Event "Early-Titled-Tuesday-Blitz-October-24-2023"]
[Site "Chess.com"]
[Date "2023.10.24"]
[Round "3"]
[White "WhiteKnight2612"]
[Black "SharapovEvgeny"]
[Result "1-0"]
[WhiteElo "2825"]
[BlackElo "2613"]
[TimeControl "180+1"]
[EndTime "8:22:45 PDT"]
[Termination "WhiteKnight2612 won by resignation"]

1. e4 c5 2. Nf3 d6 3. Bb5+ Bd7 4. Bxd7+ Qxd7 5. O-O Nf6 6. Qe2 Nc6 7. c3 e6 8. d4 cxd4 9. cxd4 d5 10. e5 Ne4 11.
Nbd2 Nxd2 12. Bxd2 Be7 13. Rac1 O-O 14. h4 Rfc8 15.
h5 h6 16. Be3 Na5 17. Nh2 Rxc1 18. Rxc1 Rc8 19. Rd1 Nc4 20. Bc1 Bf8 21. Ng4 Qc6 22.
Bxh6 gxh6 23. Nf6+ 1-0

[Event "Early-Titled-Tuesday-Blitz-October-24-2023"]
[Site "Chess.com"]
[Date "2023.10.24"]
[Round "3"]
[White "RCone"]
[Black "PinaSoprano"]
[Result "1-0"]
[WhiteElo "2433"]
[BlackElo "2205"]
[TimeControl "180+1"]
[EndTime "8:22:50 PDT"]
[Termination "RCone won by checkmate"]

1. e4 c5 2. Nc3 d6 3. f4 Nf6 4.
Nf3 g6 5. Bb5+ Bd7 6. Bxd7+ Nbxd7 7. d3 Bg7 8. O-O O-O 9. Qe1 a6 10. Qh4 e6 11. f5 exf5 12. exf5 Ne5 13. Bg5 h6 14. Bxh6 Nfg4 15. Bg5 f6 16. fxg6 fxg5 17. Qh7# 1-0

[Event "Early-Titled-Tuesday-Blitz-October-24-2023"]
[Site "Chess.com"]
[Date "2023.10.24"]
[Round "3"]
[White "WindWhistler11"]
[Black "YouJustFoundYourGodfather"]
[Result "0-1"]
[WhiteElo "2447"]
[BlackElo "2622"]
[TimeControl "180+1"]
[EndTime "8:22:55 PDT"]
[Termination "YouJustFoundYourGodfather won by resignation"]

1. Nf3 f5 2. g3 Nf6 3. Bg2 g6 4.
b3 Bg7 5. Bb2 O-O 6. c4 d6 7. d3 e5 8. Qc2 Nc6 9. a4 a5 10. e3 e4 11. Nd4 Nb4 12. Qd2 Nxd3+ 13.
Ke2 Ng4 14. f3 exf3+ 15. Bxf3 Nxb2 16. Qxb2 c5 0-1

[Event "Early-Titled-Tuesday-Blitz-October-24-2023"]
[Site "Chess.com"]
[Date "2023.10.24"]
[Round "3"]
[White "ZeGood_ZeBad_ZeUgly"]
[Black "WPWPWP-2015"]
[Result "0-1"]
[WhiteElo "2338"]
[BlackElo "2558"]
[TimeControl "180+1"]
[EndTime "8:22:55 PDT"]
[Termination "WPWPWP-2015 won by resignation"]

1. e4 c5 2. Nf3 e6 3. d4 cxd4 4. Nxd4 Nc6 5. Nc3 Qc7 6. Be3 a6 7. a4 Nf6 8. Be2 Bb4 9. f3 d5 10. O-O dxe4 11. Nxe4 Nxe4 12. fxe4 Bd6 13. h3 O-O 14. Bd3 Ne5 15. Qg4 Nxg4 0-1

[Event "Early-Titled-Tuesday-Blitz-October-24-2023"]
[Site "Chess.com"]
[Date "2023.10.24"]
[Round "3"]
[White "JG-17"]
[Black "klimkoj"]
[Result "0-1"]
[WhiteElo "2481"]
[BlackElo "2751"]
[TimeControl "180+1"]
[EndTime "8:23:02 PDT"]
[Termination "klimkoj won by resignation"]

1. e4 g6 2. d4 Bg7 3. g3 d6 4.
Bg2 Nf6 5. Nc3 O-O 6. Nf3 Nc6 7. O-O e5 8. Re1 Bg4 9. d5 Nd4 10. Qd3 Nd7 11. Nd2 Nc5 12. Qf1 Nxc2 13. b4 Na6 14. Bb2 Nxa1 15. Rxa1 Nxb4 16. Qb5 a5 17. a3 Na6 18.
Qxa5 Bd7 19. Ne2 Nc5 20. f4 Rxa5 0-1

[Event "Early-Titled-Tuesday-Blitz-October-24-2023"]
[Site "Chess.com"]
[Date "2023.10.24"]
[Round "3"]
[White "Ranindu2003"]
[Black "M1711"]
[Result "1-0"]
[WhiteElo "2815"]
[BlackElo "2568"]
[TimeControl "180+1"]
[EndTime "8:23:07 PDT"]
[Termination "Ranindu2003 won by checkmate"]

1. e4 e6 2. d4 d5 3. Nc3 Bb4 4.
exd5 exd5 5. Bd3 Nf6 6. Ne2 O-O 7. O-O Re8 8. h3 c6 9. Ng3 Nbd7 10. Qf3 h6 11. Nf5 Bf8 12. Bf4 Nb6 13. Be5 Nh7 14. Nxh6+ gxh6 15. Bxh7+ Kxh7 16. Qxf7+ Bg7 17. Qxg7# 1-0

[Event "Early-Titled-Tuesday-Blitz-October-24-2023"]
[Site "Chess.com"]
[Date "2023.10.24"]
[Round "3"]
[White "Kostukov_Alex"]
[Black "Keeper0416"]
[Result "1-0"]
[WhiteElo "2431"]
[BlackElo "2575"]
[TimeControl "180+1"]
[EndTime "8:23:09 PDT"]
[Termination "Kostukov_Alex won by resignation"]

1. g3 g6 2. Bg2 Bg7 3. c4 c5 4. Nf3 Nc6 5. O-O Nf6 6. d4 cxd4 7. Nxd4 O-O 8. c5 Qa5 9. Nb3 Qd8 10. Nc3 b6 11. e4 bxc5 12. e5 Ne8 13. Bxc6 Rb8 14. Bg2 c4 15. Nd4 Bxe5 16. Nc6 Qb6 17. Nxe5 1-0

[Event "Early-Titled-Tuesday-Blitz-October-24-2023"]
[Site "Chess.com"]
[Date "2023.10.24"]
[Round "3"]
[White "nitpicker"]
[Black "Grandmaster1369"]
[Result "0-1"]
[WhiteElo "2262"]
[BlackElo "2793"]
[TimeControl "180+1"]
[EndTime "8:23:11 PDT"]
[Termination "Grandmaster1369 won by resignation"]

1. d4 Nf6 2. c4 e6 3. g3 Bb4+ 4. Bd2 Qe7 5. Bg2 O-O 6. Nf3 Bxd2+ 7. Qxd2 d6 8. Nc3 e5 9. O-O Re8 10. Rfe1 e4 11. Ng5 Bf5 12. e3 h6 13. Nh3 g5 14.
Nd5 Nxd5 15. cxd5 Qd7 16. Qb4 b6 17. Rac1 Bxh3 18. Bxh3 Qxh3 19. Rxc7 Na6 0-1

[Event "Early-Titled-Tuesday-Blitz-October-24-2023"]
[Site "Chess.com"]
[Date "2023.10.24"]
[Round "3"]
[White "Alexei_Gubajdullin"]
[Black "gpsji27"]
[Result "1-0"]
[WhiteElo "2734"]
[BlackElo "2278"]
[TimeControl "180+1"]
[EndTime "8:23:19 PDT"]
[Termination "Alexei_Gubajdullin won by resignation"]

1. d4 d5 2. Nf3 Nf6 3. Bf4 c5 4. e3 Nc6 5. Nbd2 Bg4 6. c3 e6 7. Bb5 Bd6 8. Qa4 Qd7 9. Ne5 Bxe5 10. Bxe5 Bf5 11. dxc5 O-O 12. Bxf6 gxf6 13. Nf3 Rfc8 14.
Nd4 Bg6 15. O-O e5 16. Nf3 a6 17. Be2 e4 18. Nd4 Ne5 19. Qxd7 Nxd7 20. b4 a5 21. a4 Ne5 22. Nb5 Rd8 23. Rfd1 axb4 24. cxb4 Nc6 25. Nc7 1-0

[Event "Early-Titled-Tuesday-Blitz-October-24-2023"]
[Site "Chess.com"]
[Date "2023.10.24"]
[Round "3"]
[White "kleinebeer98"]
[Black "ukchessbomber"]
[Result "1-0"]
[WhiteElo "2842"]
[BlackElo "2646"]
[TimeControl "180+1"]
[EndTime "8:23:35 PDT"]
[Termination "kleinebeer98 won by resignation"]

1. e4 a6 2. d4 b5 3. Nd2 Bb7 4. c3 d6 5. Bd3 Nd7 6. Qe2 g6 7. f4 Bg7 8. Ngf3 e6 9. a4 c6 10. f5 exf5 11. exf5+ Qe7 12. Ne4 O-O-O 13. Bf4 Ndf6 14.
Nxd6+ Rxd6 15. Qxe7 Nxe7 16. Bxd6 Nxf5 17. Bxf5+ gxf5 18. Be5 c5 19. O-O Rg8 20. axb5 axb5 21. dxc5 Ne4 22.
g3 Nxc5 23. Bxg7 Rxg7 24. Nd4 b4 25. Nxf5 Rg4 26. Nd6+ Kc7 27. Nxb7 Kxb7 28. Rxf7+ Kc6 29. Rf4 1-0

[Event "Early-Titled-Tuesday-Blitz-October-24-2023"]
[Site "Chess.com"]
[Date "2023.10.24"]
[Round "3"]
[White "leandrojimenez"]
[Black "OPQRC"]
[Result "1-0"]
[WhiteElo "2437"]
[BlackElo "2578"]
[TimeControl "180+1"]
[EndTime "8:23:36 PDT"]
[Termination "leandrojimenez won by resignation"]

1. d4 d5 2. c4 dxc4 3. Nf3 Nf6 4. g3 e6 5. Bg2 Bb4+ 6. Bd2 Bxd2+ 7. Nbxd2 O-O 8.
Nxc4 c5 9. dxc5 Qc7 10. Qd6 Qxd6 11. Nxd6 Na6 12. Rc1 Rd8 13. Ne5 Rf8 14. O-O Rb8 15.
a3 Nc7 16. b4 Ncd5 17. c6 bxc6 18. Nxc6 Rb6 19. e4 Ba6 20. Rfe1 1-0

[Event "Early-Titled-Tuesday-Blitz-October-24-2023"]
[Site "Chess.com"]
[Date "2023.10.24"]
[Round "3"]
[White "Suleyman_Chess06"]
[Black "Logman74"]
[Result "1-0"]
[WhiteElo "2601"]
[BlackElo "2428"]
[TimeControl "180+1"]
[EndTime "8:23:41 PDT"]
[Termination "Suleyman_Chess06 won by resignation"]

1. Nf3 Nf6 2. g3 g6 3. Bg2 Bg7 4. d4 O-O 5. O-O d6 6. c4 c6 7. Nc3 Qb6 8. h3 Bf5 9. b3 Ne4 10. Bb2 Nxc3 11. Bxc3 Be4 12. Qd2 Nd7 13. e3 Qc7 14. Ne1 Bxg2 15. Nxg2 Rad8 16. Rad1 e5 17. d5 c5 18. e4 f5 19. exf5 gxf5 20. Qg5 Rde8 21. Nh4 Qd8 22. Qh5 f4 23. Nf5 Qf6 24. g4 Kh8 25. f3 Rg8 26. Kh2 Bf8 27. Qxe8 1-0

[Event "Early-Titled-Tuesday-Blitz-October-24-2023"]
[Site "Chess.com"]
[Date "2023.10.24"]
[Round "3"]
[White "nihalsarin"]
[Black "rdarruda"]
[Result "1-0"]
[WhiteElo "3117"]
[BlackElo "2511"]
[TimeControl "180+1"]
[EndTime "8:23:55 PDT"]
[Termination "nihalsarin won by resignation"]

1. a3 Nf6 2. Nf3 d5 3. b4 e6 4. Bb2 c5 5. bxc5 Bxc5 6. e3 O-O 7. c4 Nc6 8. d4 Be7 9. Nbd2 b6 10. Rc1 Bb7 11. Bd3 Qd7 12. O-O Rac8 13. Qe2 Rfd8 14. c5 h6 15. Nb3 Ne4 16. Nfd2 Nxd2 17. Qxd2 Rb8 18. Rc2 bxc5 19. Nxc5 Bxc5 20. Rxc5 Ne7 21.
Rfc1 Rdc8 22. Bc3 Rxc5 23. dxc5 Bc6 24. Be5 Rb7 25. Bd6 Nc8 26. Bf4 Ne7 27. h3 Bb5 28.
Bb1 Bc4 29. Bd6 Nf5 30. Bxf5 exf5 31. Qd4 Rb3 32. Qe5 Qe6 33. Qg3 Bd3 34. c6 Rb1 35. Rxb1 Bxb1 36. c7 Bd3 37. Be5 g6 38. Bd4 a5 39.
Qe5 Qxe5 40. c8=Q+ 1-0

[Event "Early-Titled-Tuesday-Blitz-October-24-2023"]
[Site "Chess.com"]
[Date "2023.10.24"]
[Round "3"]
[White "Mystery2007"]
[Black "HamedWafa4"]
[Result "1-0"]
[WhiteElo "2472"]
[BlackElo "2613"]
[TimeControl "180+1"]
[EndTime "8:24:19 PDT"]
[Termination "Mystery2007 won by resignation"]

1. b3 e5 2. Bb2 Nc6 3. e3 d5 4. Bb5 Bd6 5. Nf3 f6 6. c4 Ne7 7. cxd5 Nxd5 8. d4 e4 9. Nfd2 f5 10. Nc3 Nxc3 11. Bxc3 O-O 12. Qc2 Ne7 13. Bc4+ Kh8 14.
h4 c6 15. a4 Nd5 16. Bxd5 cxd5 17. g3 b6 18. O-O-O Ba6 19. Nb1 Rc8 20. Kb2 Qd7 21.
h5 Qb5 22. axb5 1-0

[Event "Early-Titled-Tuesday-Blitz-October-24-2023"]
[Site "Chess.com"]
[Date "2023.10.24"]
[Round "3"]
[White "jraosam"]
[Black "crosky"]
[Result "1-0"]
[WhiteElo "2135"]
[BlackElo "2331"]
[TimeControl "180+1"]
[EndTime "8:24:23 PDT"]
[Termination "jraosam won by resignation"]

1. e4 c6 2. d4 d5 3. Nc3 dxe4 4. Nxe4 Nf6 5. Nxf6+ exf6 6. Nf3 Bd6 7. Bd3 O-O 8. c3 Re8+ 9. Be3 Nd7 10. Qc2 Nf8 11.
O-O-O Be6 12. Kb1 b5 13. Nd2 Bd5 14. Ne4 a5 15. Rhg1 Ng6 16. g3 a4 17. a3 Bb3 18. Qe2 Bxd1 19. Qxd1 Bf8 20. h4 Qd5 21. h5 Ne7 22. f3 Nf5 23. Bf2 b4 24. g4 bxa3 25. gxf5 axb2 26. Nxf6+ 1-0

[Event "Early-Titled-Tuesday-Blitz-October-24-2023"]
[Site "Chess.com"]
[Date "2023.10.24"]
[Round "3"]
[White "Malikova777"]
[Black "Daniel_Salinas"]
[Result "1-0"]
[WhiteElo "2239"]
[BlackElo "2416"]
[TimeControl "180+1"]
[EndTime "8:24:43 PDT"]
[Termination "Malikova777 won by checkmate"]

1. d4 b6 2. c4 e6 3. Nc3 Bb7 4. e4 Bb4 5. Bd3 Bxc3+ 6. bxc3 d6 7. Ne2 Ne7 8. O-O O-O 9. f4 e5 10. f5 f6 11. Kh1 Nd7 12. Rb1 Re8 13. d5 Nc5 14.
Bc2 c6 15. Be3 cxd5 16. cxd5 Rc8 17. Rf3 Ba6 18. Rh3 b5 19. Ng3 h6 20. Qg4 Kf8 21. Rxh6 gxh6 22. Bxh6+ Kf7 23. Qg7# 1-0

[Event "Early-Titled-Tuesday-Blitz-October-24-2023"]
[Site "Chess.com"]
[Date "2023.10.24"]
[Round "3"]
[White "Iball95"]
[Black "karinachess1"]
[Result "1-0"]
[WhiteElo "2830"]
[BlackElo "2636"]
[TimeControl "180+1"]
[EndTime "8:24:45 PDT"]
[Termination "Iball95 won on time"]

1. e4 e5 2. Nf3 Nc6 3. Nc3 Nf6 4. Bb5 Bc5 5. O-O d6 6. d4 exd4 7. Nxd4 Bd7 8. Nb3 Bb6 9. Bg5 h6 10. Bxf6 Qxf6 11. Nd5 Qh4 12. a4 O-O-O 13. a5 Bc5 14. a6 b6 15. Nxc5 dxc5 16. g3 Qg5 17. f4 1-0

[Event "Early-Titled-Tuesday-Blitz-October-24-2023"]
[Site "Chess.com"]
[Date "2023.10.24"]
[Round "3"]
[White "KononenkoD"]
[Black "Matols"]
[Result "1-0"]
[WhiteElo "2595"]
[BlackElo "2415"]
[TimeControl "180+1"]
[EndTime "8:24:48 PDT"]
[Termination "KononenkoD won by checkmate"]

1. e4 e6 2. d4 d5 3. Nc3 Nf6 4. Bg5 Bb4 5. e5 h6 6. exf6 hxg5 7. fxg7 Rg8 8. h4 gxh4 9. Qh5 Qf6 10. Nf3 Bxc3+ 11. bxc3 Qxg7 12. Qxh4 Bd7 13. O-O-O c5 14. Re1 cxd4 15. Nxd4 Nc6 16. Nf5 Qxc3 17. Bb5 Nb4 18. Qe7# 1-0

[Event "Early-Titled-Tuesday-Blitz-October-24-2023"]
[Site "Chess.com"]
[Date "2023.10.24"]
[Round "3"]
[White "Apocalyps999"]
[Black "HeroRubiksCube"]
[Result "0-1"]
[WhiteElo "2297"]
[BlackElo "2538"]
[TimeControl "180+1"]
[EndTime "8:24:52 PDT"]
[Termination "HeroRubiksCube won by resignation"]

1. e4 e6 2. d4 d5 3. Nd2 c5 4. exd5 Qxd5 5. Ngf3 cxd4 6. Bc4 Qd6 7.
O-O Nf6 8. Nb3 Nc6 9. Nbxd4 Nxd4 10. Nxd4 a6 11. c3 Qc7 12. Be2 Bd6 13. h3 Bd7 14. Bf3 h6 15. Qb3 Rb8 16. Be3 O-O 17. Rad1 b5 18. Qc2 Rfd8 19. Rfe1 Rbc8 20. Qd2 Bf8 21. Qc1 e5 22. Nb3 Be6 23. Rxd8 Rxd8 24. Rd1 e4 25. Bc5 exf3 26. Rxd8 Qxd8 27. Bxf8 Kxf8 28.
Nd4 fxg2 29. Kxg2 Qd5+ 30. f3 Qg5+ 0-1

[Event "Early-Titled-Tuesday-Blitz-October-24-2023"]
[Site "Chess.com"]
[Date "2023.10.24"]
[Round "3"]
[White "Meri-Arabidze"]
[Black "publicaccountcze"]
[Result "1-0"]
[WhiteElo "2562"]
[BlackElo "2345"]
[TimeControl "180+1"]
[EndTime "8:24:55 PDT"]
[Termination "Meri-Arabidze won by resignation"]

1. Nf3 d5 2. b3 Nf6 3. Bb2 c5 4. e3 Nc6 5. Bb5 Bd7 6. O-O a6 7. Bxc6 Bxc6 8. Ne5 Qc7 9. d3 e6 10. Nd2 Bd6 11. f4 h5 12. Ndf3 O-O-O 13. Qe2 Rhg8 14. Rac1 Ng4 15. c4 Be8 16. cxd5 exd5 17. b4 f6 18.
bxc5 Bxe5 19. fxe5 Nxe5 20. Nd4 Bf7 21. Nf5 Kb8 22.
Nd6 Ka8 23. Bxe5 1-0

[Event "Early-Titled-Tuesday-Blitz-October-24-2023"]
[Site "Chess.com"]
[Date "2023.10.24"]
[Round "3"]
[White "johnmez"]
[Black "Manukyan_Artak"]
[Result "1/2-1/2"]
[WhiteElo "2308"]
[BlackElo "2407"]
[TimeControl "180+1"]
[EndTime "8:24:56 PDT"]
[Termination "Game drawn by agreement"]

1. d4 d5 2. Bf4 c5 3. c3 e6 4. e3 Qb6 5. Qc2 f5 6. Nf3 Nf6 7. Bd3 Nc6 8. O-O Bd7 9. Nbd2 Rc8 10. Ne5 Nxe5 11. Bxe5 Be7 12. Nf3 O-O 13. Rad1 Bb5 14.
Bg3 Bxd3 15. Qxd3 Ne4 16. Ne5 Rfd8 17. f3 Nxg3 18. hxg3 Bf6 19. f4 Bxe5 20. fxe5 cxd4 21. cxd4 Qxb2 22. Rb1 Qc3 23. Qxc3 Rxc3 24. Rxb7 1/2-1/2

[Event "Early-Titled-Tuesday-Blitz-October-24-2023"]
[Site "Chess.com"]
[Date "2023.10.24"]
[Round "3"]
[White "luksona14"]
[Black "sari07"]
[Result "1-0"]
[WhiteElo "2605"]
[BlackElo "2257"]
[TimeControl "180+1"]
[EndTime "8:24:58 PDT"]
[Termination "luksona14 won by resignation"]

1. d4 Nf6 2. c4 g6 3. Nc3 Bg7 4. e4 O-O 5. Be2 c5 6. d5 e6 7. Nf3 exd5 8. cxd5 Re8 9. Nd2 d6 10. O-O a6 11. a4 Nbd7 12. Nc4 Ne5 13. Nxe5 Rxe5 14.
f3 Re8 15. Bg5 h6 16. Be3 Kh7 17. Qd2 Bd7 18. a5 Rb8 19. Ra2 Nh5 20. Rb1 Be5 21.
f4 Bxc3 22. bxc3 Rxe4 23. Bf3 Re8 24. Bxh5 gxh5 25. Qd3+ f5 26. Rab2 Qe7 27. Bd2 Qe2 28.
Qxe2 Rxe2 29. Rxb7 Rd8 30. Be1 Kg6 31. Bh4 1-0

[Event "Early-Titled-Tuesday-Blitz-October-24-2023"]
[Site "Chess.com"]
[Date "2023.10.24"]
[Round "3"]
[White "Dewarfd"]
[Black "tusplingher"]
[Result "1-0"]
[WhiteElo "2175"]
[BlackElo "2504"]
[TimeControl "180+1"]
[EndTime "8:24:59 PDT"]
[Termination "Dewarfd won by checkmate"]

1. d4 d5 2. e3 Nf6 3. Nf3 c5 4.
dxc5 e6 5. c4 Bxc5 6. a3 Nc6 7.
b4 Be7 8. Bb2 O-O 9. cxd5 Nxd5 10.
Be2 Bf6 11. Bxf6 Qxf6 12. Ra2 Rd8 13. Rd2 b6 14. b5 Ne5 15. e4 Bb7 16. exd5 Bxd5 17.
O-O Qg6 18. Nc3 Nxf3+ 19. Bxf3 Rac8 20. Nxd5 exd5 21. Rxd5 Re8 22. Re1 Qc2 23. Rxe8+ Rxe8 24. h3 Qc7 25. Rd7 Qc8 26. Qd5 Qc1+ 27. Kh2 Qc8 28. Qxf7+ Kh8 29. Qxg7# 1-0

[Event "Early-Titled-Tuesday-Blitz-October-24-2023"]
[Site "Chess.com"]
[Date "2023.10.24"]
[Round "3"]
[White "jasonbolivar"]
[Black "Lady_Nika"]
[Result "0-1"]
[WhiteElo "2233"]
[BlackElo "2493"]
[TimeControl "180+1"]
[EndTime "8:25:01 PDT"]
[Termination "Lady_Nika won by resignation"]

1. e4 c5 2. Nc3 e6 3. d3 Nc6 4. g4 a6 5. Bg2 b5 6. Nh3 Bb7 7. O-O Qc7 8. f4 O-O-O 9. Kh1 h6 10. Be3 Be7 11. f5 Nf6 12. Nf4 Ne5 13. h3 g6 14.
fxg6 fxg6 15. a3 g5 16. Nfe2 Rdf8 17. d4 Nc4 18. Bg1 h5 19. gxh5 Nxh5 20. Bh2 Nf4 21. Nxf4 gxf4 22. Qd3 cxd4 23. Qxd4 e5 24. Qa7 Bc5 25.
Nd5 Bxa7 26. Nxc7 Kxc7 27. b3 Ne3 28. Rfe1 Nxg2 29. Kxg2 Rfg8+ 30. Kh1 Rxh3 0-1

[Event "Early-Titled-Tuesday-Blitz-October-24-2023"]
[Site "Chess.com"]
[Date "2023.10.24"]
[Round "3"]
[White "OparinGrigoriy"]
[Black "attack2mateU"]
[Result "1-0"]
[WhiteElo "2983"]
[BlackElo "2721"]
[TimeControl "180+1"]
[EndTime "8:25:07 PDT"]
[Termination "OparinGrigoriy won by resignation"]

1. g3 c5 2. Bg2 d5 3. c4 d4 4.
Nf3 Nc6 5. e3 e5 6. O-O Nf6 7.
b4 cxb4 8. a3 dxe3 9. fxe3 bxa3 10. Nxa3 Bc5 11. Bb2 Bg4 12. Qc2 Bxf3 13. Rxf3 O-O 14.
Raf1 Nb4 15. Qb3 Nd3 16. Rxf6 gxf6 17. Bc3 a5 18. Nb5 a4 19. Qc2 Qd7 20. Be4 Rfd8 21. Bf5 Qxf5 22. Rxf5 a3 23. Rxf6 a2 24. Rf1 Bb4 25.
Ba1 1-0

[Event "Early-Titled-Tuesday-Blitz-October-24-2023"]
[Site "Chess.com"]
[Date "2023.10.24"]
[Round "3"]
[White "OLDTERMINATOR"]
[Black "aranibos"]
[Result "0-1"]
[WhiteElo "1697"]
[BlackElo "2292"]
[TimeControl "180+1"]
[EndTime "8:25:08 PDT"]
[Termination "aranibos won on time"]

1. e4 g6 2. d4 Bg7 3. Nc3 d6 4. Be3 a6 5. Qd2 Nd7 6. f3 b5 7. h4 h6 8. a3 Bb7 9. g4 c5 10. Be2 cxd4 11. Bxd4 Ngf6 12. Rh3 Rc8 13. g5 hxg5 14.
hxg5 Rxh3 15. Nxh3 Nh5 16. Bxg7 Nxg7 17. O-O-O Qb6 18.
Nd5 Bxd5 19. exd5 Nf5 20. Nf4 Qe3 21. Rh1 Nf8 0-1

[Event "Early-Titled-Tuesday-Blitz-October-24-2023"]
[Site "Chess.com"]
[Date "2023.10.24"]
[Round "3"]
[White "draksbg"]
[Black "mind1mover"]
[Result "1-0"]
[WhiteElo "2628"]
[BlackElo "2806"]
[TimeControl "180+1"]
[EndTime "8:25:09 PDT"]
[Termination "draksbg won on time"]

1. e4 Nc6 2. d3 g6 3. g3 h5 4. h3 d5 5. exd5 Qxd5 6. Nf3 Nd4 7. Bg2 Qe6+ 8. Kf1 Bg7 9. Nc3 c6 10. Be3 Nf5 11. Bf4 Nf6 12. Qd2 Qd7 13. Ne5 Qd8 14.
Re1 Nd5 15. Bg5 Nxc3 16. bxc3 Qa5 17. d4 Be6 18. g4 hxg4 19. hxg4 Rxh1+ 20. Bxh1 Nd6 21. Nxg6 O-O-O 22. Nxe7+ Kb8 23. Bxc6 bxc6 24. Nxc6+ 1-0

[Event "Early-Titled-Tuesday-Blitz-October-24-2023"]
[Site "Chess.com"]
[Date "2023.10.24"]
[Round "3"]
[White "cristiano78"]
[Black "Zhbugnoimt"]
[Result "0-1"]
[WhiteElo "2243"]
[BlackElo "2563"]
[TimeControl "180+1"]
[EndTime "8:25:14 PDT"]
[Termination "Zhbugnoimt won by resignation"]

1. d4 Nf6 2. c4 e6 3. Nf3 d5 4. Nc3 Bb4 5. Bg5 dxc4 6. e4 c5 7. e5 cxd4 8. Qxd4 Qxd4 9. Nxd4 Bxc3+ 10. bxc3 Ne4 11. Bd2 Nxd2 12. Kxd2 Nd7 13. f4 Nb6 14. Nb5 Ke7 15. Nd6 f6 16. Nxc4 Nxc4+ 17. Bxc4 fxe5 18. fxe5 Bd7 19. Ke3 Rac8 20. Bd3 Rxc3 21. Rhc1 Rxc1 22. Rxc1 Bc6 23. g3 h6 24. Bg6 Rf8 25. Be4 Bxe4 26. Kxe4 Kd7 27. Rd1+ Kc7 28. Rd6 Rf2 29. Rxe6 Rxh2 30.
Re7+ Kc6 31. Rxg7 Rxa2 32. e6 Re2+ 33. Kf5 a5 34. Rh7 a4 35. Rxh6 a3 36. Rh8 b5 37.
g4 b4 38. Kf6 a2 39. Ra8 b3 40.
e7 b2 41. Rxa2 b1=Q 42. Rxe2 Qf1+ 43. Kg7 Qxe2 44. Kf8 Kd7 0-1

[Event "Early-Titled-Tuesday-Blitz-October-24-2023"]
[Site "Chess.com"]
[Date "2023.10.24"]
[Round "3"]
[White "HanSchut"]
[Black "Semetey"]
[Result "0-1"]
[WhiteElo "2277"]
[BlackElo "2535"]
[TimeControl "180+1"]
[EndTime "8:25:15 PDT"]
[Termination "Semetey won by resignation"]

1. e4 a6 2. d4 c6 3. Bd3 d5 4.
Qe2 dxe4 5. Bxe4 Qxd4 6. Nf3 Qd8 7. O-O Nf6 8. Rd1 Qc7 9. Nc3 Bg4 10. h3 Bh5 11. Bg5 Nbd7 12. Bf5 e6 13. Bxe6 fxe6 14. Qxe6+ Be7 15. Re1 Nf8 16. Qe3 Bxf3 17. Bf4 Qd7 18. Qxf3 Ng6 19. Rad1 Qf5 20. Rxe7+ Nxe7 21. Qe3 O-O 22.
g4 Nxg4 23. hxg4 Qxf4 24. Qxe7 Qxf2+ 25. Kh1 Qf3+ 26. Kg1 Qxg4+ 27. Kh1 Rae8 0-1

[Event "Early-Titled-Tuesday-Blitz-October-24-2023"]
[Site "Chess.com"]
[Date "2023.10.24"]
[Round "3"]
[White "Nitzan_Steinberg"]
[Black "lamomiajunior"]
[Result "1-0"]
[WhiteElo "2880"]
[BlackElo "2659"]
[TimeControl "180+1"]
[EndTime "8:25:19 PDT"]
[Termination "Nitzan_Steinberg won by checkmate"]

1. Nf3 d5 2. g3 Nf6 3. Bg2 c5 4.
c4 d4 5. b4 Nc6 6. b5 Nb8 7.
d3 Nbd7 8. a4 e5 9. O-O Bd6 10. a5 O-O 11. a6 Qc7 12. Bg5 h6 13. Bxf6 Nxf6 14. Nbd2 Rb8 15. axb7 Rxb7 16. Qa4 Qb8 17.
Nb3 Re7 18. Nfd2 Bf5 19. Na5 Bd7 20. Nc6 Bxc6 21. bxc6 Rfe8 22. Rfb1 Qc8 23. Rb7 Qf5 24. Qxa7 Qh5 25. Bf3 Qg5 26. Ne4 Nxe4 27. Bxe4 f5 28. Bd5+ Kh8 29. Rxe7 Rxe7 30. Qa8+ Kh7 31. Qd8 Qf6 32.
Ra8 e4 33. Qg8+ Kg6 34. Rf8 Qg5 35. Bf7+ Kf6 36. Bh5+ Ke5 37. Qd5# 1-0

[Event "Early-Titled-Tuesday-Blitz-October-24-2023"]
[Site "Chess.com"]
[Date "2023.10.24"]
[Round "3"]
[White "KVAIDAN"]
[Black "familijatop71"]
[Result "1-0"]
[WhiteElo "2376"]
[BlackElo "2136"]
[TimeControl "180+1"]
[EndTime "8:25:22 PDT"]
[Termination "KVAIDAN won on time"]

1. f4 e5 2. e4 Nc6 3. Nc3 Bc5 4. Nf3 d6 5. f5 Nf6 6. Bc4 h6 7. d3 Na5 8. Bb3 Nxb3 9. axb3 a6 10. Qe2 Bd7 11.
Be3 Bxe3 12. Qxe3 Qe7 13. O-O c6 14. h3 O-O 15. g4 Nh7 16. h4 f6 17. Kh2 Be8 18. Rg1 Rd8 19. Rg2 d5 20. Ne2 dxe4 21. dxe4 Rd7 22. Rag1 Qd8 23. g5 hxg5 24. hxg5 fxg5 25.
Nxg5 Nxg5 26. Rxg5 Rff7 27. R1g2 Qc7 28. Ng3 Rde7 29.
Nh5 1-0

[Event "Early-Titled-Tuesday-Blitz-October-24-2023"]
[Site "Chess.com"]
[Date "2023.10.24"]
[Round "3"]
[White "Ykow"]
[Black "RNG2200"]
[Result "1-0"]
[WhiteElo "2524"]
[BlackElo "2163"]
[TimeControl "180+1"]
[EndTime "8:25:28 PDT"]
[Termination "Ykow won by resignation"]

1. e4 Nf6 2. e5 Nd5 3. d4 d6 4.
Nf3 Bg4 5. Be2 e6 6. c4 Nb6 7. exd6 cxd6 8. O-O Be7 9. h3 Bh5 10. Nc3 O-O 11. Re1 d5 12. c5 Nc4 13. b3 Na5 14. b4 Nc4 15. Qb3 Nc6 16. Be3 a5 17. a3 Nxe3 18. fxe3 axb4 19. axb4 Qc7 20. b5 Rxa1 21. Rxa1 Na5 22. Qb4 Bxf3 23. Bxf3 Nc4 24. b6 Qg3 25. Nd1 Bg5 26. Qc3 Bd8 27.
e4 Bg5 28. exd5 Bd2 29. Qxc4 Qe1+ 30. Qf1 Qh4 31. Qf2 1-0

[Event "Early-Titled-Tuesday-Blitz-October-24-2023"]
[Site "Chess.com"]
[Date "2023.10.24"]
[Round "3"]
[White "ferrufino64"]
[Black "Aleksandar-Topalov"]
[Result "0-1"]
[WhiteElo "2194"]
[BlackElo "2403"]
[TimeControl "180+1"]
[EndTime "8:25:28 PDT"]
[Termination "Aleksandar-Topalov won by resignation"]

1. e4 e6 2. d4 d5 3. Nc3 Bb4 4. Ne2 Nf6 5. e5 Ng8 6. a3 Bf8 7. f4 h5 8. Be3 g6 9. g3 b6 10. Bg2 Ba6 11. O-O Nh6 12. h3 Nf5 13. Bf2 c5 14. Re1 Nc6 15. dxc5 Bxc5 16. Bxc5 bxc5 17.
Kh2 Rb8 18. Qc1 Qb6 19. Rb1 Kf8 20. Ng1 Ncd4 21. Nf3 Nxf3+ 22. Bxf3 c4 23. b3 Qf2+ 24. Bg2 h4 25. g4 Qg3+ 26. Kg1 Qxc3 27. gxf5 gxf5 28.
bxc4 Rxb1 29. Qxb1 Bxc4 30. Qb8+ Kg7 31. Qxa7 Qxe1+ 32. Kh2 Qg3+ 33. Kh1 0-1